 Dungeon Crawl Stone Soup version 0.23.2-33-g5129a83184 (webtiles) character file.

Game seed: 755107457634629968

61700 dvd the Eclecticist (level 14, 0/72 HPs)
             Began as a Deep Elf Fire Elementalist on June 29, 2019.
             Was the Champion of Vehumet.
             Hit by a large rock thrown by a cyclops (38 damage)
             ... on level 12 of the Dungeon on June 30, 2019.
             The game lasted 01:18:26 (23204 turns).

dvd the Eclecticist (Deep Elf Fire Elementalist)   Turns: 23204, Time: 01:18:27

Health: 0/72       AC: 13    Str:  5    XL:     14   Next: 61%
Magic:  30/46      EV: 15    Int: 31    God:    Vehumet [******]
Gold:   1607       SH:  0    Dex: 15    Spells: 8/47 levels left

rFire    . . .     SeeInvis .   r - +8 scimitar (flame)
rCold    . . .     Gourm    .   (no shield)
rNeg     . . .     Faith    .   o - +2 robe {MR+}
rPois    .         Spirit   .   (helmet restricted)
rElec    .         Reflect  .   V - +2 cloak
rCorr    .         Harm     .   H - +2 pair of gloves
MR       ++...     Clarity  +   q - +2 pair of boots {Fly}
Stlth    +++.......             K - amulet of the acrobat
HPRegen  0.22/turn              B - ring of magical power
MPRegen  0.30/turn              P - +5 ring of intelligence

@: flying
A: antennae 1, clarity
a: Renounce Religion, Stop Flying


You were on level 12 of the Dungeon.
You worshipped Vehumet.
Vehumet was exalted by your worship.
You were not hungry.

You visited 3 branches of the dungeon, and saw 19 of its levels.

You collected 1607 gold pieces.

Inventory:

Hand Weapons
 i - a +5 dagger
 r - a +8 scimitar of flaming (weapon)
 T - a +2 short sword of venom
Armour
 d - the +6 chain mail "Filiciy" {MR+ rCorr Int+3 Dex-5}
   (You took it off an orc warrior on level 11 of the Dungeon)

   It affects your intelligence (+3).
   It affects your dexterity (-5).
   It affects your resistance to hostile enchantments.
   It provides partial protection from all sources of acid and corrosion.
 k - a +1 cloak of invisibility
 l - +0 acid dragon scales
 o - a +2 robe of magic resistance (worn)
 q - a +2 pair of boots of flying (worn)
 s - a +0 buckler
 F - a +3 ring mail of fire resistance
 H - a +2 pair of gloves (worn)
 U - +0 steam dragon scales
 V - a +2 cloak (worn)
Magical Staves
 J - an uncursed staff of poison
Jewellery
 t - an uncursed ring of fire
 x - a +2 ring of evasion
 B - a ring of magical power (left hand)
 C - an uncursed ring of ice
 K - an amulet of the acrobat (around neck)
 M - a +6 ring of protection
 N - a +4 ring of intelligence
 P - a +5 ring of intelligence (right hand)
Wands
 g - a wand of flame (15)
 m - a wand of acid (3)
 w - a wand of polymorph (11)
 z - a wand of random effects (30)
 E - a wand of digging (6)
 I - a wand of paralysis (18)
 O - a wand of iceblast (14)
 Q - a wand of disintegration (16)
 Y - a wand of enslavement (7)
Scrolls
 b - 11 scrolls of teleportation
 e - 19 scrolls of identify
 f - 7 scrolls of remove curse
 h - a scroll of blinking
 j - 6 scrolls of amnesia
 G - 4 scrolls of fog
 L - a scroll of fear
Potions
 a - a potion of resistance
 n - 2 potions of mutation
 p - 4 potions of haste
 u - 3 potions of curing
 v - 2 potions of heal wounds
 A - a potion of agility
 D - 2 potions of cancellation
 X - a potion of brilliance
Miscellaneous
 y - a lamp of fire
Comestibles
 c - 24 rations
 R - 12 chunks of flesh


   Skills:
 + Level 2.2 Fighting
 + Level 1.2(3.6) Short Blades
 + Level 4.9(5.0) Long Blades
 + Level 4.7 Dodging
 + Level 6.4 Stealth
 + Level 17.4 Spellcasting
 + Level 13.6 Conjurations
 + Level 7.1 Hexes
 + Level 13.5 Fire Magic
 + Level 4.7 Ice Magic
 + Level 5.0 Air Magic
 + Level 5.0 Earth Magic
 + Level 1.3 Evocations


You had 8 spell levels left.
You knew the following spells:

 Your Spells              Type           Power        Failure   Level  Hunger
a - Flame Tongue          Conj/Fire      #####        0%          1    None
b - Throw Flame           Conj/Fire      ######       0%          2    None
c - Conjure Flame         Conj/Fire      #######.     0%          3    None
d - Sticky Flame          Conj/Fire      #######.     1%          4    None
e - Fireball              Conj/Fire      #######...   1%          5    None
f - Freezing Cloud        Conj/Ice/Air   ######....   2%          6    #......
g - Bolt of Magma         Conj/Fire/Erth #######...   1%          5    None
h - Stone Arrow           Conj/Erth      ######       1%          3    None
i - Cause Fear            Hex            ######....   1%          4    None
j - Bolt of Cold          Conj/Ice       ######....   1%          6    #......

Your spell library contained the following spells:

 Spells                   Type           Power        Failure   Level  Hunger
 Corona                   Hex            ######.      1%          1    None
 Sandblast                Erth           ######       1%          1    None
 Passwall                 Tmut/Erth      #####...     1%          2    None
 Slow                     Hex            ######..     1%          2    None
 Inner Flame              Hex/Fire       ######..     1%          3    None
 Portal Projectile        Hex/Tloc       #####.       1%          3    None
 Leda's Liquefaction      Hex/Erth       ######....   1%          4    None
 Lee's Rapid Deconstruct  Erth           ######....   1%          5    None
 Petrify                  Tmut/Erth      #####...     5%          4    None


Dungeon Overview and Level Annotations

Branches:
Dungeon (12/15)            Temple (1/1) D:4            Lair (6/6) D:9
  Swamp (0/4) Lair:2       Spider (0/4) Lair:2        Slime (0/5) Lair:6
    Orc (0/2) D:10

Altars:
Ashenzari
Cheibriados
Dithmenos
Elyvilon
Fedhas
Gozag
Hepliaklqana
Kikubaaqudgha
Makhleb
Nemelex Xobeh
Okawaru
Qazlal
Ru
Sif Muna
Trog
Uskayaw
Vehumet
Wu Jian
Xom
Yredelemnul
Zin
The Shining One
Beogh
Jiyva

Shops:
D:11 }

Portals:
Ice
Cave: D:12

Annotations:
Lair:6 1 runed translucent door


Innate Abilities, Weirdness & Mutations

You have a pair of small antennae on your head.
You possess an exceptional clarity of mind.


Message History

A cyclops comes into view.
Unknown command.
Casting: Fireball (safe; 1% risk of failure)
Confirm with . or Enter, or press ? or * to list all spells.
Aiming: Fireball (safe; 1% risk of failure)
Press: ? - help, Shift-Dir - straight line The fireball explodes!
The fireball engulfs the cyclops!!
The cyclops is moderately wounded.
The cyclops shouts!
You hear a shout!
Unknown command.
Unknown command.
Unknown command.
Casting: Fireball (safe; 1% risk of failure)
Confirm with . or Enter, or press ? or * to list all spells.
Aiming: Freezing Cloud (safe; 2% risk of failure)
Press: ? - help, Dir - move target cursor The cyclops is engulfed in freezing vapours.
The cyclops throws a large rock.
The large rock hits you!!!
Ouch! That really hurt!
You die...

*,,,,,,,,,,,,,,,,
*,******,********
*,*,,,,*,*,,,,,,*
******,*,,,,*,*,,,,,,*
*,,,,,,+,,,,*,*,,,,,,*
*,,,,,,,,*#+#,*,,,,,,*
#..≈≈≈≈≈,....,*,,,,,,*
#..≈#####....,*,,,,,,*
#..≈#@.{...[§,**,,,,,*
#..≈#.....§§#,,*,,,,,*
#..≈#...≈#§§#,,****+**
#...#÷.≈#≈§.C,,,,,,,,,
*#.....#≈.§.#,,,,,,,,,
#....≈.....#,,,,,,,,,
#....#.....#,...,,,,,
#....#.....#....,,,,,
###....##+####....,,,,,


You could see a cyclops.

Vanquished Creatures
  A fire dragon (Lair:6)
  The ghost of Sassenached the Quickloader, a journeyman DsWn of Okawaru (D:11)
  7 hydras
  2 two-headed ogres
  6 death yaks (Lair:6)
  Sonja (D:10)
  An unseen horror (D:12)
  2 lindwurms (Lair:6)
  2 wolf spiders (Lair:6)
  The ghost of DKeggars the Geomancer, a novice GrEE of Sif Muna (D:5)
  2 deep elf magi (D:12)
  3 oklob plants (Lair:1)
  A guardian serpent (Lair:5)
  7 black mambas
  5 torpor snails (Lair:6)
  A gargoyle (D:11)
  16 spiny frogs
  13 komodo dragons
  4 rime drakes
  An efreet (D:8)
  A polar bear (Lair:5)
  8 hornets (Lair:6)
  3 tyrant leeches (Lair:6)
  3 jumping spiders (Lair:2)
  12 blink frogs (Lair:6)
  2 bog bodies (Lair:2)
  13 hippogriffs
  4 redbacks (Lair:6)
  50 yaks
  13 wyverns
  6 basilisks
  A hungry ghost (D:8)
  2 steam dragons
  5 vampire mosquitoes (D:12)
  Menkaure (D:6)
  An acid dragon (D:12)
  18 water moccasins
  4 wargs (D:10)
  Duvessa (D:5)
  12 porcupines
  An ice beast (D:10)
  3 black bears (D:9)
  6 orc warriors
  2 sky beasts
  5 necrophages (Lair:4)
  4 ogres
  2 phantoms
  8 wolves
  7 centaurs
  10 crocodiles
  5 big kobolds
  16 bullfrogs
  A gnoll sergeant (D:6)
  A water moccasin skeleton (D:9)
  Dowan (D:5)
  7 scorpions
  10 killer bees
  5 wights
  2 howler monkeys
  5 crimson imps
  2 hounds (D:7)
  A quasit (D:9)
  A bullfrog zombie (D:5)
  4 jellies
  Crazy Yiuf (D:2)
  2 bullfrog skeletons
  12 orc priests
  8 iguanas
  8 orc wizards
  8 worker ants
  2 killer bee zombies
  A hound zombie (D:8)
  2 hound skeletons
  A worker ant zombie (D:11)
  18 gnolls
  10 adders
  4 shadow imps
  4 adder skeletons
  A worm (D:5)
  A dart slug (D:4)
  6 leopard geckos
  59 orcs
  2 giant cockroaches
  14 goblins
  18 hobgoblins
  17 jackals
  9 quokkas
  2 ball pythons
  4 bats
  7 frilled lizards
  A giant cockroach zombie (D:5)
  A jackal skeleton (D:5)
  36 kobolds
  A leopard gecko skeleton (D:4)
  A leopard gecko zombie (D:6)
  A quokka zombie (D:7)
  11 rats
  6 fungi
  4 plants
629 creatures vanquished.

Vanquished Creatures (others)
  26 fungi
  26 plants
52 creatures vanquished.

Grand Total: 681 creatures vanquished

Notes
Turn   | Place    | Note
-------+----------+-------------------------------------------
     0 | D:1      | dvd the Deep Elf Fire Elementalist began the quest for the
                  | Orb.
     0 | D:1      | Reached XP level 1. HP: 10/10 MP: 6/6
   279 | D:1      | Reached XP level 2. HP: 14/15 MP: 2/8
   424 | D:1      | Learned a level 2 spell: Throw Flame
   907 | D:2      | Reached XP level 3. HP: 15/19 MP: 6/9
   924 | D:2      | Learned a level 3 spell: Conjure Flame
  1122 | D:2      | Found a runed translucent door.
  1123 | D:2      | Noticed Crazy Yiuf
  2015 | D:3      | Reached XP level 4. HP: 24/24 MP: 9/11
  2021 | D:3      | Learned a level 4 spell: Sticky Flame
  2050 | D:3      | Reached skill level 4 in Spellcasting
  2118 | D:3      | Noticed a big kobold
  2470 | D:3      | Killed a big kobold
  2470 | D:3      | Reached XP level 5. HP: 28/28 MP: 1/14
  2689 | D:2      | Killed Crazy Yiuf
  2776 | D:4      | Found a shadowy altar of Dithmenos.
  2898 | D:4      | Reached skill level 5 in Spellcasting
  3010 | D:4      | Reached XP level 6. HP: 32/32 MP: 13/15
  3049 | D:4      | Reached skill level 5 in Fire Magic
  3403 | D:4      | Found a staircase to the Ecumenical Temple.
  3417 | Temple   | Entered the Ecumenical Temple
  3440 | Temple   | Became a worshipper of Vehumet
  3825 | D:5      | Entered Level 5 of the Dungeon
  4005 | D:5      | Reached skill level 6 in Spellcasting
  4052 | D:5      | Reached XP level 7. HP: 36/36 MP: 18/18
  4269 | D:5      | Found a runed translucent gate.
  4362 | D:5      | Noticed Duvessa
  4364 | D:5      | Noticed Dowan
  4375 | D:5      | Killed Dowan
  4377 | D:5      | Killed Duvessa
  4377 | D:5      | Reached skill level 7 in Spellcasting
  4655 | D:5      | Reached skill level 5 in Conjurations
  4657 | D:5      | Found a runed translucent gate.
  4657 | D:5      | Found a runed translucent gate.
  4658 | D:5      | Found a roughly hewn altar of Beogh.
  4659 | D:5      | Noticed DKeggars's ghost (novice GrEE)
  4710 | D:5      | Learned a level 5 spell: Fireball
  4805 | D:5      | Reached XP level 8. HP: 39/41 MP: 21/21
  4866 | D:5      | Reached * piety under Vehumet
  4866 | D:5      | Offered knowledge of Sandblast by Vehumet.
  5191 | D:1      | Learned a level 1 spell: Sandblast
  5394 | D:5      | Reached skill level 5 in Stealth
  5412 | D:5      | Reached skill level 8 in Spellcasting
  5504 | D:5      | Reached skill level 1 in Earth Magic
  5816 | D:6      | Noticed Menkaure
  5819 | D:6      | Killed Menkaure
  5866 | D:6      | Reached skill level 9 in Spellcasting
  5959 | D:6      | Found a blossoming altar of Fedhas.
  6077 | D:6      | Reached ** piety under Vehumet
  6077 | D:6      | Offered knowledge of Searing Ray by Vehumet.
  6276 | D:6      | Reached XP level 9. HP: 46/46 MP: 24/24
  6368 | D:6      | Learned a level 2 spell: Searing Ray
  6434 | D:6      | Reached skill level 1 in Short Blades
  6705 | D:7      | Found a glowing silver altar of Zin.
  6705 | D:7      | Found a bloodstained altar of Trog.
  6705 | D:7      | Found a sacrificial altar of Ru.
  6705 | D:7      | Found a hazy altar of Hepliaklqana.
  6705 | D:7      | Found a hide-covered altar of Uskayaw.
  6723 | D:7      | Reached skill level 10 in Spellcasting
  6946 | D:7      | Offered knowledge of Dazzling Spray by Vehumet.
  7129 | D:7      | Reached *** piety under Vehumet
  7272 | D:7      | Offered knowledge of Stone Arrow by Vehumet.
  7281 | D:7      | Learned a level 3 spell: Stone Arrow
  7824 | D:8      | Reached skill level 11 in Spellcasting
  7878 | D:8      | Noticed an efreet
  7955 | D:8      | Reached skill level 1 in Fighting
  7955 | D:8      | Reached XP level 10. HP: 48/52 MP: 12/27
  8196 | D:8      | Reached **** piety under Vehumet
  8821 | D:8      | Offered knowledge of Bolt of Magma by Vehumet.
  8830 | D:8      | Learned a level 5 spell: Bolt of Magma
  8937 | D:9      | Reached skill level 1 in Long Blades
  9033 | D:9      | Found a staircase to the Lair.
  9048 | D:9      | Reached skill level 12 in Spellcasting
  9443 | D:9      | Learned a level 4 spell: Cause Fear
  9462 | D:9      | Reached skill level 1 in Hexes
 10267 | D:10     | Entered Level 10 of the Dungeon
 10308 | D:10     | Reached ***** piety under Vehumet
 10346 | D:10     | Noticed a two-headed ogre
 10352 | D:10     | Noticed Sonja
 10356 | D:10     | Killed Sonja
 10358 | D:10     | Offered knowledge of Iskenderun's Mystic Blast by Vehumet.
 10360 | D:10     | Killed a two-headed ogre
 10360 | D:10     | Reached XP level 11. HP: 56/56 MP: 8/29
 10715 | D:10     | Reached skill level 5 in Hexes
 10743 | D:10     | Reached skill level 10 in Fire Magic
 10744 | D:10     | Reached skill level 13 in Spellcasting
 10928 | D:10     | Found a staircase to the Orcish Mines.
 11198 | D:11     | Reached skill level 1 in Evocations
 11203 | D:11     | Found Pamm's Gadget Emporium.
 11214 | D:11     | Found a runed translucent gate.
 11216 | D:11     | Found a runed translucent gate.
 11217 | D:11     | Found a runed translucent gate.
 11596 | D:11     | Offered knowledge of Freezing Cloud by Vehumet.
 11876 | D:11     | Reached skill level 10 in Conjurations
 12159 | D:11     | Noticed Sassenached's ghost (journeyman DsWn)
 12161 | D:11     | Found a roughly hewn altar of Beogh.
 12163 | D:11     | Identified the +6 chain mail "Filiciy" {MR+ rCorr Int+3
                  | Dex-5}
 12458 | D:5      | Killed DKeggars's ghost
 12854 | Lair:1   | Entered Level 1 of the Lair of Beasts
 13055 | Lair:1   | Learned a level 6 spell: Freezing Cloud
 13294 | Lair:1   | Reached XP level 12. HP: 61/61 MP: 25/31
 13806 | Lair:1   | Reached skill level 14 in Spellcasting
 13806 | Lair:1   | Reached skill level 1 in Ice Magic
 13806 | Lair:1   | Reached skill level 1 in Air Magic
 14037 | Lair:1   | Gained mutation: You have a pair of small antennae on your
                  | head. [potion of mutation]
 14037 | Lair:1   | Gained mutation: You possess an exceptional clarity of
                  | mind. [potion of mutation]
 14520 | Lair:2   | Found a staircase to the Swamp.
 14689 | Lair:2   | Found a hole to the Spider Nest.
 14971 | Lair:2   | Offered knowledge of Ozocubu's Refrigeration by Vehumet.
 15066 | Lair:2   | HP: 2/61 [crocodile (18)]
 15872 | Lair:3   | Noticed a five-headed hydra
 15876 | Lair:3   | Killed a five-headed hydra
 16372 | Lair:3   | Noticed a six-headed hydra
 16380 | Lair:3   | Killed a six-headed hydra
 16380 | Lair:3   | Reached XP level 13. HP: 49/65 MP: 9/33
 17073 | Lair:4   | Reached skill level 15 in Spellcasting
 18038 | Lair:5   | Reached skill level 5 in Air Magic
 18758 | Lair:6   | Entered Level 6 of the Lair of Beasts
 19167 | Lair:6   | HP: 2/66 [poisoned by a spiny frog]
 19896 | Lair:6   | Reached skill level 16 in Spellcasting
 20582 | Lair:6   | Reached XP level 14. HP: 55/71 MP: 23/36
 20708 | Lair:6   | Reached skill level 5 in Earth Magic
 21071 | Lair:6   | Found a runed translucent door.
 21071 | Lair:6   | Found a viscous altar of Jiyva.
 21071 | Lair:6   | Noticed an acid blob
 21114 | Lair:6   | Found a staircase to the Slime Pits.
 21521 | Lair:6   | Offered knowledge of Bolt of Cold by Vehumet.
 21531 | Lair:6   | Learned a level 6 spell: Bolt of Cold
 22027 | Lair:6   | Found a runed translucent door.
 22369 | Lair:6   | Reached skill level 17 in Spellcasting
 22694 | D:11     | Reached ****** piety under Vehumet
 22701 | D:11     | Killed Sassenached's ghost
 23139 | D:12     | Found a frozen archway.
 23204 | D:12     | Hit by a large rock thrown by a cyclops

Skill      XL: |  1  2  3  4  5  6  7  8  9 10 11 12 13 14 |
---------------+-------------------------------------------+-----
Fire Magic     | 4 5 6 8 9 11 12 13 | 13.5
Spellcasting   | 4 5 6 7 9 11 12 13 14 16 17 | 17.4
Conjurations   | 2 3 4 5 6 8 9 10 11 13 | 13.6
Stealth        | 3 4 5 6 |  6.4
Dodging        | 3 4 |  4.7
Earth Magic    | 2 3 4 5 |  5.0
Short Blades   | 1 |  1.2
Fighting       | 1 2 |  2.2
Long Blades    | 1 3 4 |  4.9
Hexes          | 4 5 6 7 |  7.1
Evocations     | 1 |  1.3
Ice Magic      | 3 4 |  4.7
Air Magic      | 4 5 |  5.0

Action                   |  1- 3 |  4- 6 |  7- 9 | 10-12 | 13-15 || total
-------------------------+-------+-------+-------+-------+-------++-------
Melee: Unarmed           |     1 |       |       |       |       ||     1
       Dagger            |     8 |     6 |    14 |     7 |       ||    35
       Scimitar          |       |       |       |    58 |    37 ||    95
 Cast: Flame Tongue      |    78 |    79 |   169 |   127 |    79 ||   532
       Throw Flame       |    11 |    17 |    33 |    38 |    21 ||   120
       Conjure Flame     |       |     7 |     8 |     6 |     3 ||    24
       Sticky Flame      |       |     1 |    19 |    38 |    57 ||   115
       Sandblast         |       |       |    18 |     3 |       ||    21
       Fireball          |       |       |    23 |   116 |   132 ||   271
       Stone Arrow       |       |       |     3 |    11 |     3 ||    17
       Bolt of Magma     |       |       |       |    33 |    34 ||    67
       Cause Fear        |       |       |       |     3 |    13 ||    16
       Freezing Cloud    |       |       |       |       |     4 ||     4
       Bolt of Cold      |       |       |       |       |    10 ||    10
Evoke: Wand              |       |       |       |     3 |       ||     3
  Use: Scroll            |       |       |    14 |     6 |     7 ||    27
       Potion            |       |       |       |    11 |     2 ||    13
 Stab: Sleeping          |       |     1 |       |     1 |     3 ||     5
  Eat: Chunk             |     4 |     6 |    14 |    26 |    18 ||    68
       Ration            |       |       |     1 |     1 |     1 ||     3
Armor: Robe              |     3 |     4 |    14 |    33 |    44 ||    98
       Steam dragon scal |       |       |    12 |     5 |       ||    17
Dodge: Dodged            |    22 |     7 |    49 |    83 |   105 ||   266
       Rpst.: Scimitar   |       |       |       |    18 |    31 ||    49
